 Dungeon Crawl Stone Soup version 0.31-a0-188-g5e087ee2ca (webtiles) character file.

Game seed: 16326179886494734685

72 qw the Shooter (level 4, -2/25 HPs)
             Began as a Deep Elf Hunter on June 23, 2023.
             Slain by a hobgoblin (3 damage)
             ... on level 2 of the Dungeon.
             The game lasted 00:00:21 (1117 turns).

qw the Shooter (Deep Elf Hunter)                    Turns: 1117, Time: 00:00:22

Health: -2/25      AC:  3    Str:  9    XL:     4   Next: 7%
Magic:  6/6        EV: 12    Int: 18    God:
Gold:   92         SH:  0    Dex: 17    Spells: 3/3 levels left

rFire   + . .        Y - +1 shortbow
rCold   . . .        (shield currently unavailable)
rNeg    . . .        c - +0 leather armour
rPois   .            (no helmet)
rElec   .            (no cloak)
rCorr   .            (no gloves)
SInv    .            (no boots)
Will    .....        (no amulet)
Stlth   ++           (no ring)
HPRegen 0.24/turn    (no ring)
MPRegen 0.10/turn

%: no passive effects
@: no status effects
A: clever 1, fire resistance 1
a: no special abilities


You were on level 2 of the Dungeon.
You visited 1 branch of the dungeon, and saw 2 of its levels.

You collected 92 gold pieces.


Innate Abilities, Weirdness & Mutations

Your mind is acute. (Int +4, Str/Dex -1)
Your flesh is heat resistant. (rF+)


   Skills:
 - Level 1.5 Fighting
 + Level 7.5 Ranged Weapons
 - Level 2.4 Dodging
 - Level 1.2 Stealth


You had 3 spell levels left.
You didn't know any spells.
Your spell library was empty.

Inventory:

Hand Weapons
 Y - a +1 shortbow (weapon)
Armour
 c - a +0 leather armour (worn)
 e - a +0 ring mail
Scrolls
 a - 2 scrolls of identify
 b - a scroll of amnesia {unknown}
Potions
 d - a potion of degeneration {unknown}
 f - a potion of mutation
 h - a potion of might

Dungeon Overview and Level Annotations

Branches:
Dungeon (2/15)

Altars:

Shops:
D:2 *


Message History

The arrow completely misses the adder.
The adder hisses angrily.
You hear an angry hiss.
You shoot an arrow. The arrow closely misses the goblin.
You shoot an arrow. The arrow barely misses the goblin.
The goblin hits you with a +0 dagger.
You shoot an arrow. The arrow hits the goblin!
You kill the goblin!
A ball python comes into view.
You shoot an arrow. The arrow closely misses the adder.
The adder bites you.
You are poisoned.
The adder poisons you! The adder bites you but does no damage.
You shoot an arrow. The arrow barely misses the adder.
You feel sick. The hobgoblin barely misses you. The adder closely misses you.
The hobgoblin closely misses you.
You shoot an arrow.
The arrow hits the adder but does no damage.
You feel sick. The adder bites you. The adder barely misses you.
The hobgoblin hits you but does no damage.
You shoot an arrow. The arrow hits the adder!
You kill the adder!
You feel sick. The hobgoblin barely misses you. The ball python bites you.
The ball python grabs you. The ball python constricts you.
You have reached level 4!
You feel clever.
You shoot an arrow.
The arrow closely misses the ball python.
You feel sick. The hobgoblin hits you. The ball python bites you.
The ball python constricts you.
You shoot an arrow. The arrow hits the ball python.
The ball python is severely wounded.
You feel sick.
You are no longer poisoned.
The hobgoblin hits you but does no damage.
The ball python bites you but does no damage.
The ball python constricts you.
You shoot an arrow. The arrow hits the ball python!
You kill the ball python!
The hobgoblin hits you.
You die...

##.#.#####
# ##.#.#
..# ##.#..
.. ##.....
.. #####.#
. # .. .#
######.
#.##
.......
###gr?#
.......
#.@%#
######.
#.#...#
#.#####
#.####.##
#......#
%#.####..#
#.### #..#
#. ...#
#..# #.#
...# #..#


You could see a hobgoblin and a rat.

Vanquished Creatures
  A gnoll (D:1)
  3 adders (D:2)
  A worm (D:2)
  2 dart slugs (D:2)
  3 bats
  5 endoplasms
  2 giant cockroaches (D:1)
  A goblin (D:2)
  2 hobgoblins (D:1)
  A quokka (D:2)
  4 ball pythons (D:2)
  3 frilled lizards (D:2)
  3 kobolds
  2 rats (D:2)
33 creatures vanquished.

Notes
Turn   | Place    | Note
-------+----------+-------------------------------------------
     0 | D:1      | qw the Deep Elf Hunter began the quest for the Orb.
     0 | D:1      | Reached XP level 1. HP: 12/12 MP: 3/3
     0 | D:1      | 0 ||| qw: Version: 0.3-a-9-g12657ce
     0 | D:1      | 0 ||| qw: Game counter: 3625
     0 | D:1      | 0 ||| qw: Always use a shield: true
     0 | D:1      | 0 ||| qw: God list: Okawaru
     0 | D:1      | 0 ||| qw: Allow faded altars: false
     0 | D:1      | 0 ||| qw: Do Orc after D:15 true
     0 | D:1      | 0 ||| qw: Do second Lair branch before Depths: true
     0 | D:1      | 0 ||| qw: Lair rune preference: random
     0 | D:1      | 0 ||| qw: Plans: Normal
     0 | D:1      | 0 ||| PLANNING D:1-11
   175 | D:1      | Reached skill level 6 in Ranged Weapons
   175 | D:1      | Reached XP level 2. HP: 16/16 MP: 4/4
   346 | D:1      | Found a faded altar of an unknown god.
   682 | D:1      | 682 ||| READING 2 scrolls labelled DUOLIKKI IGHA.
   683 | D:1      | 683 ||| READING scroll labelled ALATHR HIRR.
   684 | D:1      | 684 ||| DRINKING 2 glowing amethyst potions.
   684 | D:1      | Gained mutation: Your mind is acute. (Int +4, Str/Dex -1)
                  | [potion of mutation]
   684 | D:1      | Gained mutation: Your flesh is heat resistant. (rF+)
                  | [potion of mutation]
   685 | D:1      | 685 ||| DRINKING 2 pink potions.
   686 | D:1      | 686 ||| DROPPING scroll of butterflies.
   810 | D:2      | Found Maragg's General Store.
   831 | D:2      | 831 ||| SHOPLISTING potion of haste (100 gold, have 61).
   831 | D:2      | 831 ||| SHOPLISTING ring of fire (250 gold, have 61).
   853 | D:2      | Reached XP level 3. HP: 11/20 MP: 5/5
   984 | D:2      | Reached skill level 7 in Ranged Weapons
  1115 | D:2      | Reached XP level 4. HP: 7/25 MP: 6/6
  1115 | D:2      | HP: 6/25 [hobgoblin (1)]
  1116 | D:2      | HP: 2/25 [poisoned by an adder]
  1117 | D:2      | Slain by a hobgoblin

Levels and vault maps discovered:
D:1:      minmay_arrival_jagged, layout_basic,
          dreamdust_ecumenical_altar_statues
D:2:      layout_loops_ring, serial_shops, nicolae_shop_peninsula,
          minmay_tripent

Skill      XL: |  1  2  3 |
---------------+----------+-----
Ranged Weapons | 6 7 |  7.5
Fighting       | |  1.5
Dodging        | |  2.4
Stealth        | |  1.2

Action                     |  1- 3 |  4- 6 || total
---------------------------+-------+-------++-------
   Fire: Shortbow          |    81 |     3 ||    84
    Use: Scroll            |     2 |       ||     2
         Potion            |     2 |       ||     2
 Armour: Leather armour    |     5 |     2 ||     7
  Dodge: Dodged            |    13 |       ||    13

Table legend:
 A = Non-vault XP
 B = Vault XP
 C = Vault XP percentage of total XP
 D = Non-vault monster count
 E = Vault monster count
 F = Vault count percentage of total count
                 A         B        C        D         E       F
            +---------+---------+-------+---------+---------+-------
      Total |      92 |      14 |  13.2 |      31 |       2 |   6.1
            +---------+---------+-------+---------+---------+-------
        D:1 |      28 |       0 |   0.0 |       8 |       0 |   0.0
        D:2 |      64 |      14 |  17.9 |      23 |       2 |   8.0
            +---------+---------+-------+---------+---------+-------
